 Dungeon Crawl Stone Soup version 0.27.1-1-g398f81649c (webtiles) character file.

Game seed: 9853304917301716902

74 acemry the Changer (level 4, -2/28 HPs)
             Began as an Octopode Transmuter on Sept 5, 2021.
             Slain by Grinder (10 damage)
             ... while paralysed by Grinder
             ... on level 3 of the Dungeon.
             The game lasted 00:03:50 (2711 turns).

acemry the Changer (Octopode Transmuter)            Turns: 2711, Time: 00:03:51

Health: -2/28      AC:  1    Str:  9    XL:     4   Next: 28%
Magic:  6/7        EV:  2    Int: 16    God:
Gold:   99         SH:  0    Dex: 12    Spells: 3/7 levels left

rFire    . . .     SeeInvis .     - Unarmed
rCold    + . .     Faith    .   (no shield)
rNeg     . . .     Spirit   .   (helmet currently unavailable)
rPois    .         Reflect  .   (no amulet)
rElec    .         Harm     .   f - ring of protection from cold
rCorr    .         Rampage  .   (no ring)
Will     .....                  (no ring)
Stlth    ++........             (no ring)
HPRegen  0.09/turn              (no ring)
MPRegen  0.10/turn              (no ring)
                                (no ring)
                                (no ring)

@: paralysed, about to teleport, appendages
A: tentacle spike 3, almost no armour, amphibious, 8 rings, camouflage 1,
gelatinous body 1, (nimble swimmer 1), tentacles
a: End Transformation


You were on level 3 of the Dungeon.
One of your tentacles had grown a beastly spike.
You visited 1 branch of the dungeon, and saw 3 of its levels.

You collected 99 gold pieces.

Inventory:

Missiles
 d - 24 poisoned darts
Jewellery
 f - a ring of protection from cold (left tentacle)
Scrolls
 a - a scroll of teleportation
 b - a scroll of holy word {unknown}
 g - a scroll of identify {unknown}
Potions
 c - 2 potions of degeneration {unknown}
 e - a potion of invisibility {unknown}


   Skills:
 - Level 1.0 Fighting
 - Level 2.0 Dodging
 - Level 3.0 Unarmed Combat
 - Level 2.0 Spellcasting
 + Level 4.4 Transmutations


You had 3 spell levels left.
You knew the following spells:

 Your Spells              Type           Power      Damage    Failure   Level
a - Beastly Appendage     Tmut           30%        N/A       3%          1
b - Spider Form           Tmut/Pois      4%         N/A       26%         3

Your spell library contained the following spells:

 Spells                   Type           Power      Damage    Failure   Level
 Wereblood                Tmut           15%        N/A       4%          2
 Ice Form                 Ice/Tmut       8%         N/A       63%         4
 Animate Dead             Necr           0%         N/A       90%         4
 Borgnjor's Vile Clutch   Necr/Erth      0%         N/A       99%         5
 Death Channel            Necr           0%         N/A       100%        6


Dungeon Overview and Level Annotations

Branches:
Dungeon (3/15)

Altars:

Annotations:
D:3 Grinder, Natasha


Innate Abilities, Weirdness & Mutations

One of your tentacles has grown a beastly spike.
You cannot wear most types of armour.
You are amphibious.
You can wear up to eight rings at the same time.
Your skin changes colour to match your surroundings (Stealth+).
Your rubbery body absorbs attacks. (AC +1, EV +1)
((You are camouflaged near water. (Stealth+)))
You have tentacles for arms and can constrict up to eight enemies at once.


Message History

No target in view!
No target in view!
Your transformation is almost over.
Your tentacle spike disappears.
Things that are here:
a +0 dagger; a kobold corpse A goblin comes into view.
It is wielding a +0 club.
A goblin is nearby!
A goblin is nearby!
Grinder and Natasha come into view.
Natasha hisses angrily.
The goblin shouts!
Grinder shouts!
One of your tentacles grows a vicious spike.
You closely miss the goblin. You grab the goblin.
You constrict the goblin, but do no damage.
Grinder blinks!
The goblin completely misses you.
You barely miss the goblin. Your squeeze misses the goblin.
You constrict the goblin. The goblin barely misses you.
You tentacle-slap the goblin.
You kill the goblin!
Grinder closely misses you.
You tentacle-slap Grinder but do no damage.
Your grab misses Grinder.
You pierce Grinder, but do no damage.
Your squeeze misses Grinder. Grinder hits you!
You writhe in agony.
You tentacle-slap Grinder. You grab Grinder.
Grinder is lightly wounded.
You constrict Grinder. Grinder closely misses you.
You tentacle-slap Grinder.
Grinder is lightly wounded.
You constrict Grinder. Natasha claws you but does no damage.
Grinder closely misses you.
Okay, then.
As you read the scroll labelled LOUXKI JICON, it crumbles to dust.
You feel strangely unstable.
It was a scroll of teleportation.
You constrict Grinder. Natasha claws you.
* * * LOW HITPOINT WARNING * * *
Grinder gestures at you.
You suddenly lose the ability to move!
You lose your grip on Grinder.
Natasha casts a spell.
Grinder hits you!
You die...

.. .......
###.#..#....
#.......... ##
#........# #...#
#....5..# #...#
#.......# #...#
#...h5..# #...#
#..@# ######...####
#.#.####.........(..
#...##..............
##.###.#............
#.###.######)..####
#........# #...#
#..##.##.# #...####
#..##.# # #.......
.......# #...###.


You could see Grinder, Natasha and a shadow imp (summoned).

Vanquished Creatures
  An adder (D:3)
  A worm (D:2)
  A dart slug (D:1)
  4 bats
  4 endoplasms
  5 giant cockroaches
  3 goblins
  6 hobgoblins
  2 jackals (D:2)
  7 kobolds
  3 quokkas
  6 ball pythons
  5 frilled lizards (D:1)
  8 rats
56 creatures vanquished.

Notes
Turn   | Place    | Note
-------+----------+-------------------------------------------
     0 | D:1      | acemry the Octopode Transmuter began the quest for the Orb.
     0 | D:1      | Reached XP level 1. HP: 13/13 MP: 3/3
   167 | D:1      | Reached XP level 2. HP: 17/18 MP: 3/5
   371 | D:1      | Reached skill level 3 in Transmutations
   930 | D:1      | Reached XP level 3. HP: 23/23 MP: 4/6
  1812 | D:2      | Reached skill level 4 in Transmutations
  2000 | D:2      | Found a faded altar of an unknown god.
  2055 | D:2      | Reached XP level 4. HP: 28/28 MP: 5/7
  2082 | D:2      | Learned a level 3 spell: Spider Form
  2702 | D:3      | Noticed Grinder
  2702 | D:3      | Noticed Natasha
  2710 | D:3      | Paralysed by Grinder for 3 turns
  2711 | D:3      | Slain by Grinder

Illustrated notes

Levels and vault maps discovered:
D:1:      lemuel_arrival_funnel, layout_loops_ring
D:2:      layout_basic, shapermc_ecumenical_altar_mp_vishouse
D:3:      layout_loops_cross, lemuel_tele_altar, kennysheep_small_spiral,
          uniq_robin, uniq_grinder, uniq_natasha

Skill      XL: |  1  2  3 |
---------------+----------+-----
Transmutations | 3 4 |  4.4
Fighting       | |  1.0
Dodging        | |  2.0
Unarmed Combat | |  3.0
Spellcasting   | |  2.0

Action                   |  1- 3 |  4- 6 || total
-------------------------+-------+-------++-------
Melee: Unarmed           |   109 |    25 ||   134
       Constrict         |    32 |     9 ||    41
       Kick              |    24 |     4 ||    28
       Tentacles         |    14 |     2 ||    16
       Punch             |     1 |     2 ||     3
 Cast: Beastly Appendage |    32 |     4 ||    36
  Use: Scroll            |       |     1 ||     1
 Stab: Sleeping          |     5 |     2 ||     7
       Distracted        |     1 |       ||     1
Armor: Skin              |     2 |     3 ||     5
Dodge: Dodged            |    65 |    15 ||    80
